 Dungeon Crawl Stone Soup version 0.30-a0-137-gd8773701ce (webtiles) character file.

Game seed: 17208830991569408976

77 NinjaNoafa the Stinger (level 4, -1/32 HPs)
             Began as a Gnoll Venom Mage on Sept 22, 2022.
             Was a Believer of Jiyva.
             Slain by Crazy Yiuf
             ... wielding a +2 quarterstaff of chaos
              (4 damage)
             ... on level 2 of the Dungeon.
             The game lasted 00:04:05 (1564 turns).

NinjaNoafa the Stinger (Gnoll Venom Mage)           Turns: 1564, Time: 00:04:06

Health: -1/32      AC:  4    Str:  7    XL:     4   Next: 33%
Magic:  4/11       EV: 13    Int: 16    God:    Jiyva [**....]
Gold:   76         SH:  0    Dex: 13    Spells: 10/13 levels left

rFire   . . .      SeeInvis .    d - +0 dagger
rCold   . . .      Faith    .    (no shield)
rNeg    . . .      Spirit   .    a - +0 robe
rPois   .          Reflect  .    (no helmet)
rElec   .          Harm     .    h - +0 cloak
rCorr   +          Rampage  .    e - +0 pair of gloves
Will    .....                    (no boots)
Stlth   +++.......               (no amulet)
HPRegen 1.06/turn                (no ring)
MPRegen 0.42/turn                (no ring)

@: no status effects
A: fangs 1, strong nose, distributed training
a: Renounce Religion


You were on level 2 of the Dungeon.
You worshipped Jiyva.
Jiyva was pleased with you.
You visited 1 branch of the dungeon, and saw 2 of its levels.

You collected 76 gold pieces.

Inventory:

Hand Weapons
 d - a +0 dagger (weapon)
Missiles
 f - 4 stones
 g - 10 poisoned darts
 k - 3 atropa-tipped darts
Armour
 a - a +0 robe (worn)
 e - a +0 pair of gloves (worn)
 h - a +0 cloak (worn)
Scrolls
 c - a scroll of poison {unknown}
 i - a scroll of torment {unknown}
 j - 2 scrolls of fear {unknown}
 l - a scroll of identify {unknown}
 m - a scroll of teleportation {unknown}
 n - a scroll of magic mapping {unknown}
Potions
 b - a potion of magic


   Skills:
 + Level 1.1 Fighting
 + Level 1.1 Short Blades
 + Level 1.1 Long Blades
 + Level 1.1 Axes
 + Level 1.1 Maces & Flails
 + Level 1.1 Polearms
 + Level 1.1 Staves
 + Level 1.1 Ranged Weapons
 + Level 1.1 Throwing
 + Level 1.1 Armour
 + Level 4.6 Dodging
 + Level 4.2 Stealth
 + Level 1.1 Shields
 + Level 1.1 Unarmed Combat
 + Level 5.1 Spellcasting
 + Level 0.9 Conjurations
 + Level 0.9 Hexes
 + Level 0.9 Summonings
 + Level 0.9 Necromancy
 + Level 0.9 Translocations
 + Level 2.2 Transmutations
 + Level 0.9 Fire Magic
 + Level 0.9 Ice Magic
 + Level 0.9 Air Magic
 + Level 0.9 Earth Magic
 + Level 5.4 Poison Magic
 + Level 1.2 Invocations
 + Level 1.1 Evocations


You had 10 spell levels left.
You knew the following spells:

 Your Spells              Type           Power      Damage    Failure   Level
a - Sting                 Tmut/Pois      64%        1d6       3%          1
b - Poisonous Vapours     Pois/Air       28%        N/A       6%          2

Your spell library contained the following spells:

 Spells                   Type           Power      Damage    Failure   Level
 Olgreb's Toxic Radiance  Pois           21%        N/A       16%         4
 Mephitic Cloud           Conj/Pois/Air  11%        N/A       17%         3
 Arcjolt                  Conj/Air       3%         1d13      96%         5
 Iskenderun's Battlesphe  Conj           7%         2d6       96%         5
 Iron Shot                Conj/Erth      3%         9d2       100%        6
 Spellforged Servitor     Conj/Summ      3%         N/A       100%        7


Dungeon Overview and Level Annotations

Branches:
Dungeon (2/15)

Altars:
Jiyva

Annotations:
D:2 Crazy Yiuf


Innate Abilities, Weirdness & Mutations

You have very sharp teeth.
Your uncanny sense of smell can sniff out nearby items.
Your experience applies equally to all skills.


Message History

The hobgoblin shouts!
You see here a scroll labelled FIDWIB SOCRA.
A hobgoblin is nearby!
Poisonous vapours surround the hobgoblin!
The hobgoblin is poisoned.
The hobgoblin hits you but does no damage.
Poisonous vapours surround the hobgoblin!
The hobgoblin looks even sicker.
The hobgoblin closely misses you.
You miscast Poisonous Vapours.
You are very lightly contaminated with residual magic.
Nothing appears to happen.
The hobgoblin barely misses you.
Poisonous vapours surround the hobgoblin!
The hobgoblin looks even sicker.
You kill the hobgoblin!
n - a scroll labelled FIDWIB SOCRA Your magical contamination has completely faded away.
Jiyva gurgles merrily.
You swap places.
There is a stone staircase leading down here.
Jiyva says: Divide and consume!
You swap places.
You open the door.
Poisonous vapours surround Crazy Yiuf!
Crazy Yiuf is poisoned.
Crazy Yiuf shouts!
Poisonous vapours surround Crazy Yiuf!
Crazy Yiuf looks even sicker.
Poisonous vapours surround Crazy Yiuf!
Crazy Yiuf looks even sicker.
Poisonous vapours surround Crazy Yiuf!
Crazy Yiuf looks as sick as possible!
Crazy Yiuf hits you with a +2 quarterstaff of chaos!
Ouch! That really hurt!
Casting: Poisonous Vapours (safe; 6% risk of failure)
Confirm with . or Enter, or press ? or * to list all spells.
Aiming: Sting (safe; 3% risk of failure)
Press: ? - help, Shift-Dir - straight line, f/p - Crazy Yiuf
Aim: Crazy Yiuf, wielding a +2 quarterstaff of chaos and wearing a +0 cloak (lightly wounded, extremely poisoned, 77% to hit)
The sting hits Crazy Yiuf.
Crazy Yiuf looks as sick as possible!
Crazy Yiuf is moderately wounded.
Crazy Yiuf hits you with a +2 quarterstaff of chaos!
* * * LOW HITPOINT WARNING * * *
Crazy Yiuf burns you.
You die...

#.###.###.## #.#
#.#..... #.# #.#.#.##
### #.#.#.## #.#...#.
#.#####. ###
#####.#####. #)..###
##...........
#...g@####......##....
#...##J.#......###....
### ###.#......##....
#######........
#.##..... ####.####
#.## #..## ##..##


You could see Crazy Yiuf (extremely poisoned) and a neutral jelly (wandering)
(fellow slime).

Vanquished Creatures
  A gnoll (D:1)
  3 adders (D:2)
  2 dart slugs (D:1)
  6 ball pythons
  4 bats
  2 endoplasms (D:1)
  2 giant cockroaches
  2 goblins
  3 hobgoblins
  4 kobolds
  4 quokkas (D:1)
  A frilled lizard (D:1)
  A rat (D:1)
35 creatures vanquished.

Vanquished Creatures (others)
  2 adders (D:2)
  3 bats
  2 goblins (D:2)
  2 hobgoblins (D:2)
  A kobold (D:2)
  A ball python (D:2)
  3 fungi (D:1)
  6 plants (D:1)
20 creatures vanquished.

Grand Total: 55 creatures vanquished

Notes
Turn   | Place    | Note
-------+----------+-------------------------------------------
     0 | D:1      | NinjaNoafa the Gnoll Venom Mage began the quest for the
                  | Orb.
     0 | D:1      | Reached XP level 1. HP: 13/13 MP: 6/6
    33 | D:1      | Reached XP level 2. HP: 12/20 MP: 2/7
   288 | D:1      | Found a faded altar of an unknown god.
   367 | D:1      | Prayed at the altar of an unknown god.
   367 | D:1      | Became a worshipper of Jiyva Jeokkoba the Shapeless
   367 | D:1      | Reached * piety under Jiyva
   390 | D:1      | Reached skill level 5 in Spellcasting
   390 | D:1      | Reached XP level 3. HP: 25/25 MP: 5/9
   503 | D:1      | Reached skill level 1 in Invocations
   537 | D:1      | Learned a level 2 spell: Poisonous Vapours
   947 | D:2      | Reached ** piety under Jiyva
   966 | D:2      | Reached skill level 1 in Fighting
   966 | D:2      | Reached skill level 1 in Short Blades
   966 | D:2      | Reached skill level 1 in Long Blades
   966 | D:2      | Reached skill level 1 in Axes
   966 | D:2      | Reached skill level 1 in Maces & Flails
   966 | D:2      | Reached skill level 1 in Polearms
   966 | D:2      | Reached skill level 1 in Staves
   966 | D:2      | Reached skill level 1 in Ranged Weapons
   966 | D:2      | Reached skill level 1 in Throwing
   966 | D:2      | Reached skill level 1 in Armour
   966 | D:2      | Reached skill level 1 in Shields
   966 | D:2      | Reached skill level 1 in Unarmed Combat
   966 | D:2      | Reached skill level 1 in Evocations
  1012 | D:2      | Reached XP level 4. HP: 29/32 MP: 4/11
  1414 | D:2      | Found a runed translucent door.
  1415 | D:2      | Noticed Crazy Yiuf
  1564 | D:2      | Slain by Crazy Yiuf

Illustrated notes

Levels and vault maps discovered:
D:1:      amcnicky_arrival_flooded_fountain, layout_basic,
          dreamdust_ecumenical_altar_grove
D:2:      layout_basic, uniq_crazy_yiuf_cottage

Skill      XL: |  1  2  3 |
---------------+----------+-----
Transmutations | 2 |  2.2
Spellcasting   | 5 |  5.1
Invocations    | 1 |  1.2
Fighting       | 1 |  1.1
Short Blades   | 1 |  1.1
Long Blades    | 1 |  1.1
Axes           | 1 |  1.1
Maces & Flails | 1 |  1.1
Polearms       | 1 |  1.1
Staves         | 1 |  1.1
Ranged Weapons | 1 |  1.1
Throwing       | 1 |  1.1
Armour         | 1 |  1.1
Shields        | 1 |  1.1
Unarmed Combat | 1 |  1.1
Evocations     | 1 |  1.1
Dodging        | |  4.6
Stealth        | |  4.2
Conjurations   | |  0.9
Hexes          | |  0.9
Summonings     | |  0.9
Necromancy     | |  0.9
Translocations | |  0.9
Fire Magic     | |  0.9
Ice Magic      | |  0.9
Air Magic      | |  0.9
Earth Magic    | |  0.9
Poison Magic   | |  5.4

Action                   |  1- 3 |  4- 6 || total
-------------------------+-------+-------++-------
Melee: Unarmed           |     2 |       ||     2
       Dagger            |     2 |     1 ||     3
       Bite              |       |     1 ||     1
 Cast: Sting             |    44 |     2 ||    46
       Poisonous Vapours |    18 |    19 ||    37
Armor: Robe              |     1 |     4 ||     5
Dodge: Dodged            |    31 |     3 ||    34

Table legend: (Time is in decaauts)
 A = Elapsed time spent in this place.
 B = Non-inter-level travel time spent in this place.
 C = Inter-level travel time spent in this place.
 D = Time resting spent in this place.
 E = Time spent auto-exploring this place.
 F = Levels seen in this place.
 G = Mean time per level.
                   A        B        C        D        E       F      G
               +--------+--------+--------+--------+--------+-----+--------+
         Total |   1563 |   1541 |     22 |      0 |   1272 |   2 |  781.5 |
       Dungeon |   1563 |   1541 |     22 |      0 |   1272 |   2 |  781.5 |
               +--------+--------+--------+--------+--------+-----+--------+

Top non-repeatable levels by time:
     D:1: 848 daAuts
     D:2: 714 daAuts
